 Dungeon Crawl Stone Soup version 0.25-a0-166-g16436c4407 (webtiles) character file.

Game seed: 7190513149588142349, levelgen mode: deterministic

74 D1HalberdGnoll the Charlatan (level 4, -1/26 HPs)
             Began as a Kobold Artificer on Nov 24, 2019.
             Slain by Grinder (5 damage)
             ... on level 3 of the Dungeon.
             The game lasted 00:03:14 (3103 turns).

D1HalberdGnoll the Charlatan (Kobold Artificer)     Turns: 3103, Time: 00:03:15

Health: -1/26      AC:  3    Str: 10    XL:     4   Next: 54%
Magic:  7/7        EV: 14    Int: 12    God:
Gold:   71         SH:  5    Dex: 15    Spells: 3/3 levels left

rFire    . . .     SeeInvis .   m - +1 dagger (speed)
rCold    . . .     Gourm    .   j - +0 buckler
rNeg     . . .     Faith    .   b - +0 leather armour
rPois    .         Spirit   .   (no helmet)
rElec    .         Reflect  .   (no cloak)
rCorr    .         Harm     .   (no gloves)
MR       .....                  (no boots)
Stlth    ++........             (no amulet)
HPRegen  0.08/turn              (no ring)
MPRegen  0.10/turn              (no ring)

@: no status effects
A: small, carnivore
a: no special abilities


You were on level 3 of the Dungeon.
You were not hungry.

You visited 1 branch of the dungeon, and saw 3 of its levels.

You collected 71 gold pieces.

Inventory:

Hand Weapons
 m - a +1 dagger of speed (weapon)
Missiles
 o - 4 boomerangs (quivered)
Armour
 b - a +0 leather armour (worn)
 j - a +0 buckler (worn)
 n - a +0 shield of protection
Wands
 c - a wand of flame (8)
 d - a wand of enslavement (15)
 e - a wand of random effects (14)
Scrolls
 g - a scroll of immolation {unknown}
 h - 3 scrolls of remove curse {unknown}
 i - 2 scrolls of identify {unknown}
 p - a scroll of fear {unknown}
Potions
 a - 2 potions of lignification {unknown}
 k - 2 potions of curing {unknown}
 l - a potion of ambrosia {unknown}
Comestibles
 f - 5 rations


   Skills:
 + Level 2.2 Fighting
 - Level 1.3 Short Blades
 - Level 2.6 Dodging
 - Level 1.3 Stealth
 * Level 1.5 Shields
 * Level 4.7 Evocations


You had 3 spell levels left.
You didn't know any spells.
Your spell library was empty.

Dungeon Overview and Level Annotations

Branches:
Dungeon (3/15)

Altars:
Ashenzari
Elyvilon
Trog

Portals:
Sewer: D:3

Annotations:
D:3 Grinder, Jessica, Terence


Innate Abilities, Weirdness & Mutations

You are small and have problems with some larger weapons.
You are carnivorous and can eat meat at any time.


Message History

Grinder barely misses you.
You closely miss Grinder.
Grinder is moderately wounded.
You hit Grinder.
Grinder is moderately wounded.
You hit Grinder but do no damage.
Grinder is moderately wounded.
Grinder barely misses you.
You catch the helpless Grinder completely off-guard!
You puncture Grinder!
Grinder is heavily wounded.
Grinder completely misses you.
You hit Grinder.
Grinder is heavily wounded.
You hit Grinder.
Grinder is severely wounded.
Grinder hits you!
* * * LOW HITPOINT WARNING * * *
You writhe in agony.
You die...

.... #....≈≈∩≈≈.
...# #....≈≈≈≈≈
#..#####.....≈≈≈.
#.......(........
##@....# #......
......# .....
#.....#####.####
#.....##.....5.#
#S#.........##@#
###.######†##....#
..5<# #.##.#..#
##### #.##.#..#
#.......#####
####.#......#
#.####.#..###.#
...........###.#
....###........#


You could see Grinder (confused).

Vanquished Creatures
  3 adders
  An ooze (D:1)
  2 worms
  A leopard gecko (D:3)
  3 orcs (D:3)
  A ball python (D:2)
  2 giant cockroaches
  A goblin (D:1)
  A hobgoblin (D:2)
  2 jackals (D:3)
  2 quokkas
  4 bats
  A frilled lizard (D:2)
  4 kobolds
  7 rats
35 creatures vanquished.

Vanquished Creatures (others)
  A goblin (D:2)
1 creature vanquished.

Grand Total: 36 creatures vanquished

Notes
Turn   | Place    | Note
-------+----------+-------------------------------------------
     0 | D:1      | D1HalberdGnoll the Kobold Artificer began the quest for the
                  | Orb.
     0 | D:1      | Reached XP level 1. HP: 12/12 MP: 3/3
   509 | D:1      | Reached XP level 2. HP: 16/16 MP: 4/4
   624 | D:1      | Reached skill level 4 in Evocations
  1007 | D:2      | Reached XP level 3. HP: 20/20 MP: 6/6
  1216 | D:2      | Found a white marble altar of Elyvilon.
  1366 | D:2      | Reached skill level 1 in Shields
  1539 | D:2      | Found a shattered altar of Ashenzari.
  1622 | D:2      | Noticed a moth of wrath
  1625 | D:2      | Found a bloodstained altar of Trog.
  2794 | D:3      | Noticed Grinder
  2806 | D:3      | Reached XP level 4. HP: 25/26 MP: 7/7
  2806 | D:3      | Noticed Terence
  3087 | D:3      | Noticed Jessica
  3091 | D:3      | Found a glowing drain.
  3103 | D:3      | Slain by Grinder

Levels and vault maps discovered:
D:1:      sevenhm_arrival_forest_fort_small_5, layout_basic,
          minmay_misc_feat_roman, minmay_misc_feat_tiny, lemuel_another_geyser
D:2:      layout_basic, marbit_many_paths, tgw_trog, elyvilon_altar_4
D:3:      layout_loops_cross, nicolae_overflow_hidden_temple,
          lemuel_crystal_altar, portal_sewer_entry_a, uniq_terence,
          uniq_natasha, uniq_grinder, uniq_jessica

Skill      XL: |  1  2  3 |
---------------+----------+-----
Evocations     | 4 |  4.7
Shields        | 1 |  1.5
Fighting       | 2 |  2.2
Short Blades   | |  1.3
Dodging        | |  2.6
Stealth        | |  1.3

Action                   |  1- 3 |  4- 6 || total
-------------------------+-------+-------++-------
Melee: Short sword       |    54 |       ||    54
       Dagger            |    69 |    58 ||   127
Throw: Boomerang         |       |     1 ||     1
Evoke: Wand              |     5 |     3 ||     8
 Stab: Sleeping          |     3 |       ||     3
       Confused          |       |     2 ||     2
  Eat: Chunk             |     6 |     4 ||    10
Armor: Leather armour    |    21 |     3 ||    24
Dodge: Dodged            |    68 |    26 ||    94
Block: Buckler           |    14 |     8 ||    22

Table legend:
 A = Non-vault XP
 B = Vault XP
 C = Vault XP percentage of total XP
 D = Non-vault monster count
 E = Vault monster count
 F = Vault count percentage of total count
                 A         B        C        D         E       F
            +---------+---------+-------+---------+---------+-------
      Total |      63 |      44 |  41.1 |      26 |       9 |  25.7
            +---------+---------+-------+---------+---------+-------
        D:1 |      18 |       5 |  21.7 |       9 |       1 |  10.0
        D:2 |      21 |      23 |  52.3 |       6 |       6 |  50.0
        D:3 |      24 |      16 |  40.0 |      11 |       2 |  15.4
            +---------+---------+-------+---------+---------+-------
